 Dungeon Crawl Stone Soup version 0.23-a0-4-g8f018a2 (webtiles) character file.

60 galech the Sneak (level 4, -4/30 HPs)
             Began as an Octopode Assassin on July 31, 2018.
             Slain by a sky beast (6 damage)
             ... on level 2 of the Dungeon.
             The game lasted 00:02:56 (1386 turns).

galech the Sneak (Octopode Assassin)                Turns: 1386, Time: 00:02:57

Health: -4/30      AC:  1    Str: 10    XL:     4   Next: 4%
Magic:  4/4        EV: 12    Int: 13    God:
Gold:   107        SH:  3    Dex: 14    Spells: 3/3 levels left

rFire    . . .     SeeInvis .   a - +2 dagger
rCold    . . .     Gourm    .   e - +0 buckler
rNeg     . . .     Faith    .   (helmet restricted)
rPois    .         Spirit   .   (no amulet)
rElec    .         Reflect  .   l - ring of stealth
rCorr    .         Harm     .   (no ring)
MR       .....                  (no ring)
Stlth    +++++.....             (no ring)
HPRegen  0.10/turn              (no ring)
MPRegen  0.09/turn              (no ring)
                                (no ring)
                                (no ring)

@: no status effects
A: almost no armour, stealthy swim, amphibious, 8 rings, constrict 8, camouflage
1, gelatinous body 1
a: no special abilities


You were on level 2 of the Dungeon.
You were not hungry.

You visited 1 branch of the dungeon, and saw 2 of its levels.

You collected 107 gold pieces.

Inventory:

Hand Weapons
 a - a +2 dagger (weapon)
 b - a +0 blowgun
Missiles
 c - 8 poisoned needles
 d - 2 curare-tipped needles
Armour
 e - a +0 buckler (worn)
Jewellery
 l - a ring of stealth (left tentacle)
Scrolls
 h - 3 scrolls of identify {unknown}
 n - a scroll of enchant weapon {unknown}
 o - a scroll of immolation {unknown}
Potions
 i - a potion of curing {unknown}
 j - a potion of agility {unknown}
 k - a potion of ambrosia {unknown}
 m - a potion of brilliance {unknown}
Comestibles
 f - 3 rations
 g - a chunk of flesh


   Skills:
 + Level 2.4 Fighting
 + Level 2.6 Short Blades
 + Level 2.2 Throwing
 + Level 1.1 Dodging
 + Level 6.6 Stealth


You had 3 spell levels left.
You didn't know any spells.
Your spell library was empty.

Dungeon Overview and Level Annotations

Branches:
Dungeon (2/15)

Altars:


Innate Abilities, Weirdness & Mutations

You cannot wear most types of armour.
You are very stealthy in the water. (Stealth+)
You are amphibious.
You can wear up to eight rings at the same time.
You can use your tentacles to constrict eight enemies at once.
Your skin changes colour to match your surroundings (Stealth+).
Your rubbery body absorbs attacks. (AC +1, EV +1)


Message History

* * * LOW HITPOINT WARNING * * *
You barely miss the sky beast. You squeeze the sky beast.
The sky beast is almost dead.
The sky beast barely misses you.
You barely miss the sky beast.
The sky beast is almost dead.
The sky beast completely misses you.
You completely miss the sky beast.
The sky beast is almost dead.
The sky beast hits you but does no damage.
You hit the sky beast. Your squeeze misses the sky beast.
The sky beast is almost dead.
You hit the sky beast but do no damage.
The sky beast is almost dead.
The sky beast flickers out of sight!
Deactivating autopickup; reactivate with Ctrl-A.
Something hits you.
* * * LOW HITPOINT WARNING * * *
Something shocks you.
You die...

#.# #.# #.# # #.# .#
##############.###.
##..............#.w
...##############.#
...#.. .......{.#
...#.###### # #@.#
...#.#....# #.#..#
...#.#.##.# #.#..#
##.#.#..#.# #....#
#.#.#.##.# ###.##
#.#..<...##+###'##.###
##.###................#
.#.................##.#
.#####.............#


You could see a worm.

Vanquished Creatures
  A gnoll (D:1)
  An adder (D:2)
  2 dart slugs
  A leopard gecko (D:1)
  2 giant cockroaches (D:1)
  4 goblins
  3 hobgoblins
  5 jackals
  4 kobolds (D:1)
  2 bats
  5 frilled lizards
  5 rats
35 creatures vanquished.

Notes
Turn   | Place    | Note
-------+----------+-------------------------------------------
     0 | D:1      | galech the Octopode Assassin began the quest for the Orb.
     0 | D:1      | Reached XP level 1. HP: 14/14 MP: 1/1
    60 | D:1      | Reached XP level 2. HP: 18/19 MP: 2/2
    77 | D:1      | Reached skill level 6 in Stealth
   283 | D:1      | Reached XP level 3. HP: 25/25 MP: 3/3
  1062 | D:2      | Reached XP level 4. HP: 30/30 MP: 4/4
  1363 | D:2      | Noticed a sky beast
  1386 | D:2      | Slain by a sky beast

Vault maps used:
D:1:      eino_arrival_cavern_e

Skill      XL: |  1  2 |
---------------+-------+-----
Stealth        | 6 |  6.6
Fighting       | |  2.4
Short Blades   | |  2.6
Throwing       | |  2.2
Dodging        | |  1.1

Action                   |  1- 3 |  4- 6 || total
-------------------------+-------+-------++-------
Melee: Dagger            |    46 |    21 ||    67
       Constrict         |    11 |       ||    11
       Tentacles         |     8 |     2 ||    10
 Stab: Sleeping          |    14 |     3 ||    17
  Eat: Chunk             |       |     1 ||     1
Armor: Skin              |     1 |     2 ||     3
Dodge: Dodged            |    13 |     9 ||    22
Block: Buckler           |     3 |     2 ||     5

Table legend:
 A = Spawn XP
 B = Non-spawn XP
 C = Spawn XP percentage of total XP
 D = Spawn monster count
 E = Non-spawn monster count
 F = Spawn count percentage of total count
 G = Total turns spent on level
                    A         B        C        D         E        F      G
               +---------+---------+-------+---------+---------+-------+---------
         Total |       0 |      86 |   0.0 |       0 |      35 |   0.0 |  1386
               +---------+---------+-------+---------+---------+-------+---------
           D:1 |       0 |      54 |   0.0 |       0 |      23 |   0.0 |   698
           D:2 |       0 |      32 |   0.0 |       0 |      12 |   0.0 |   688
               +---------+---------+-------+---------+---------+-------+---------
